 Dungeon Crawl Stone Soup version 0.30.0-10-gfe55d96785 (webtiles) character file.

Game seed: 14175428206854608726

98 SnakkuSnakku7 the Caller (level 4, -1/40 HPs)
             Began as an Armataur Summoner on May 14, 2023.
             Slain by a gnoll
             ... wielding a +0 halberd
              (7 damage)
             ... on level 3 of the Dungeon.
             The game lasted 00:02:39 (1811 turns).

SnakkuSnakku7 the Caller (Armataur Summoner)        Turns: 1811, Time: 00:02:39

Health: -1/40      AC:  4    Str: 15    XL:     4   Next: 43%
Magic:  6/6        EV:  9    Int: 16    God:
Gold:   68         SH:  0    Dex: 10    Spells: 5/6 levels left

rFire   . . .        a - +2 dagger (venom)
rCold   . . .        (no shield)
rNeg    . . .        n - +0 robe
rPois   .            (no helmet)
rElec   .            (no cloak)
rCorr   .            (no gloves)
SInv    .            (no barding)
Will    .....        (no amulet)
Stlth   ++           (no ring)
HPRegen 0.26/turn    (no ring)
MPRegen 0.10/turn

%: roll
@: no status effects
A: large, rugged brown scales 3, deformed body, armoured tail, roll, long
tongue, awkward tongue
a: no special abilities


You were on level 3 of the Dungeon.
You visited 1 branch of the dungeon, and saw 3 of its levels.

You collected 68 gold pieces.

Inventory:

Hand Weapons
 a - a +2 dagger of venom (weapon)
 d - a +0 mace
 g - a +1 dagger of venom
 m - a +0 battleaxe
Missiles
 l - 5 poisoned darts
Armour
 n - a +0 robe (worn)
Jewellery
 p - a ring of positive energy
Scrolls
 h - a scroll of butterflies {unknown}
 k - a scroll of blinking
 o - 2 scrolls of poison
 r - 2 scrolls of immolation
Potions
 b - 2 potions of magic
 c - 2 potions of might {unknown}
 e - 2 potions of attraction {unknown}
 f - a potion of heal wounds {unknown}
 i - a potion of resistance {unknown}
 j - a potion of flight {unknown}
 q - 2 potions of curing {unknown}


   Skills:
 + Level 3.1 Fighting
 + Level 1.0 Axes
 + Level 1.1 Throwing
 - Level 1.3 Dodging
 - Level 2.1 Stealth
 - Level 1.7 Spellcasting
 - Level 3.2 Summonings


You had 5 spell levels left.
You knew the following spells:

 Your Spells              Type           Power      Damage    Failure   Level
a - Summon Small Mammal   Summ           44%        N/A       5%          1

Your spell library contained the following spells:

 Spells                   Type           Power      Damage    Failure   Level
 Call Imp                 Summ           22%        N/A       9%          2
 Call Canine Familiar     Summ           11%        N/A       17%         3
 Summon Guardian Golem    Hex/Summ       6%         N/A       32%         3
 Summon Lightning Spire   Summ/Air       6%         N/A       73%         4


Dungeon Overview and Level Annotations

Branches:
Dungeon (3/15)

Altars:


Innate Abilities, Weirdness & Mutations

You are completely covered in rugged brown scales. (AC +3, +7% HP)
Armour fits poorly on your strangely shaped body.
You have a long armoured tail.
You roll when moving toward enemies. (Rampage)
Your long tongue fully drains potion bottles. (2x potion effects)
Your tongue gives you trouble enunciating. (1.5x scroll delay)


Message History

Found a robe.
You see here a +0 robe.
An orc and 3 gnolls come into view.
The gnoll shouts! x2
The orc moves out of view.
The gnoll shouts!
You roll towards the gnoll!
The gnoll barely misses you.
You hit the gnoll but do no damage.
The gnoll is poisoned.
The gnoll hits you with a +0 whip!
You closely miss the gnoll. You tail-slap the gnoll.
The gnoll is moderately wounded.
The gnoll barely misses you.
You barely miss the gnoll.
The gnoll is severely wounded.
The gnoll barely misses you.
You completely miss the gnoll.
The gnoll is almost dead.
The gnoll barely misses you.
You hit the gnoll.
You kill the gnoll!
The gnoll hits you from afar with a +0 halberd!
Your Axes skill increases to level 1!
You hit the gnoll.
The gnoll is lightly wounded.
The gnoll hits you with a +0 whip.
The gnoll hits you from afar with a +0 halberd!
* * * LOW HITPOINT WARNING * * *
You are too injured to fight recklessly!
You are too injured to fight recklessly!
You see here a +0 robe.
The gnoll attacks as you move away! The gnoll hits you with a +0 whip.
* * * LOW HITPOINT WARNING * * *
The gnoll attacks as you move away! The gnoll closely misses you.
The gnoll attacks as you move away! The gnoll barely misses you.
The gnoll attacks as you move away! The gnoll hits you with a +0 whip.
The gnoll attacks as you move away! The gnoll hits you with a +0 whip!
* * * LOW HITPOINT WARNING * * *
There is a stone staircase leading up here.
The gnoll hits you from afar with a +0 halberd!
You die...

... ..##[### #.[#....##
.. #.##.######..#.....#
##.#.##.##......#.......
#...o)..##....#.#...#.##
#..#.##.##.............
#....##..+...o.......
#.......##...g##..⌠.#
#............g+ ...##
#.......##...@# ..##
#.......#........##
#######.#.#####..# #.
..# . .# . .# . ..


You could see 2 gnolls and an orc.

Vanquished Creatures
  2 adders (D:2)
  2 gnolls
  A worm (D:2)
  2 dart slugs (D:1)
  7 endoplasms
  3 giant cockroaches
  7 goblins
  2 hobgoblins
  4 jackals (D:1)
  4 kobolds
  4 quokkas
  2 ball pythons (D:1)
  5 bats
  3 frilled lizards (D:1)
  A rat (D:1)
49 creatures vanquished.

Notes
Turn   | Place    | Note
-------+----------+-------------------------------------------
     0 | D:1      | SnakkuSnakku7 the Armataur Summoner began the quest for the
                  | Orb.
     0 | D:1      | Reached XP level 1. HP: 14/14 MP: 3/3
    93 | D:1      | Reached skill level 1 in Fighting
    93 | D:1      | Reached XP level 2. HP: 21/24 MP: 1/4
   362 | D:1      | Reached XP level 3. HP: 32/32 MP: 5/5
   378 | D:1      | Found a faded altar of an unknown god.
  1202 | D:2      | Reached XP level 4. HP: 39/40 MP: 6/6
  1351 | D:2      | Reached skill level 1 in Throwing
  1789 | D:3      | Reached skill level 1 in Axes
  1811 | D:3      | Slain by a gnoll

Illustrated notes

Levels and vault maps discovered:
D:1:      heliophobic_arrival_henge, layout_basic,
          hellmonk_ecumenical_altar_dog_temple
D:2:      layout_basic
D:3:      layout_basic, nicolae_overflow_ecumenical_swirl

Skill      XL: |  1  2  3  4 |
---------------+-------------+-----
Fighting       | 1 2 3 |  3.1
Throwing       | 1 |  1.1
Axes           | 1 |  1.0
Dodging        | |  1.3
Stealth        | |  2.1
Spellcasting   | |  1.7
Summonings     | |  3.2

Action                     |  1- 3 |  4- 6 || total
---------------------------+-------+-------++-------
  Melee: Mace              |    26 |       ||    26
         Dagger            |    97 |    29 ||   126
         Tailslap          |    14 |     3 ||    17
   Cast: Summon Small Mamm |     2 |       ||     2
    Use: Scroll            |     1 |     2 ||     3
   Stab: Sleeping          |     1 |       ||     1
 Armour: Robe              |    37 |     6 ||    43
  Dodge: Dodged            |    74 |    11 ||    85
